 Dungeon Crawl Stone Soup version 0.27-a0-1191-g601b473118 (webtiles) character file.

Game seed: 18242249865938142692

126 Hasart the Chiller (level 5, 0/28 HPs)
             Began as a Kobold Ice Elementalist on May 21, 2021.
             Slain by a killer bee zombie (1 damage)
             ... on level 3 of the Dungeon on May 24, 2021.
             The game lasted 00:06:15 (2688 turns).

Hasart the Chiller (Kobold Ice Elementalist)        Turns: 2688, Time: 00:06:16

Health: 0/28       AC:  2    Str:  5    XL:     5   Next: 31%
Magic:  0/9        EV: 15    Int: 18    God:
Gold:   105        SH:  0    Dex: 15    Spells: 6/10 levels left

rFire    . . .     SeeInvis .   c - +0 short sword
rCold    . . .     Faith    .   (shield restricted)
rNeg     . . .     Spirit   .   a - +0 robe
rPois    .         Reflect  .   (no helmet)
rElec    .         Harm     .   (no cloak)
rCorr    .         Rampage  .   (no gloves)
Will     .....                  (no boots)
Stlth    ++++......             (no amulet)
HPRegen  0.09/turn              (no ring)
MPRegen  0.11/turn              (no ring)

@: freezing walls
A: small, no large weapons, nightstalker 3
a: no special abilities


You were on level 3 of the Dungeon.
You visited 1 branch of the dungeon, and saw 3 of its levels.

You collected 105 gold pieces.

Inventory:

Hand Weapons
 c - a +0 short sword (weapon)
Armour
 a - a +0 robe (worn)
Scrolls
 d - 5 scrolls of identify {unknown}
 g - a scroll of acquirement {unknown}
Potions
 b - a potion of berserk rage {unknown}
 e - a potion of brilliance {unknown}
 f - 2 potions of curing {unknown}


   Skills:
 - Level 2.4 Dodging
 + Level 4.0 Stealth
 + Level 3.1 Spellcasting
 * Level 5.3 Ice Magic


You had 6 spell levels left.
You knew the following spells:

 Your Spells              Type           Power      Damage    Failure   Level
a - Freeze                Ice            88%        1d10      1%          1
b - Frozen Ramparts       Ice            44%        1d6       5%          3

Your spell library contained the following spells:

 Spells                   Type           Power      Damage    Failure   Level
 Ozocubu's Armour         Ice            22%        N/A       5%          3
 Animate Skeleton         Necr           4%         N/A       16%         1
 Pain                     Necr           8%         1d4       16%         1
 Vampiric Draining        Necr           1%         2d6       43%         3
 Hailstorm                Conj/Ice       12%        3d5       47%         4
 Metabolic Englaciation   Hex/Ice        6%         N/A       83%         5
 Animate Dead             Necr           1%         N/A       85%         4
 Agony                    Necr           2%         N/A       99%         5


Dungeon Overview and Level Annotations

Branches:
Dungeon (3/15)

Altars:

Annotations:
D:2 1 runed translucent door, Crazy Yiuf


Innate Abilities, Weirdness & Mutations

You are small and have problems with some larger weapons.
You are completely attuned to the shadows.


Message History

Press: ? - help, Dir - look around, f - activate The walls around you are covered in ice.
The killer bee zombie completely resists.
The wall freezes the killer bee zombie but does no damage.
The killer bee zombie hits you.
* * * LOW HITPOINT WARNING * * *
The killer bee zombie completely resists.
The wall freezes the killer bee zombie but does no damage.
The killer bee zombie barely misses you.
Unknown command.
You hit the killer bee zombie.
The killer bee zombie is lightly damaged.
The killer bee zombie completely resists.
The wall freezes the killer bee zombie but does no damage.
The killer bee zombie closely misses you.
The killer bee zombie completely resists.
The wall freezes the killer bee zombie but does no damage.
The killer bee zombie completely misses you.
You barely miss the killer bee zombie.
The killer bee zombie is lightly damaged.
The killer bee zombie completely resists.
The wall freezes the killer bee zombie but does no damage.
The killer bee zombie hits you.
* * * LOW HITPOINT WARNING * * *
The killer bee zombie completely resists.
The wall freezes the killer bee zombie but does no damage.
The killer bee zombie closely misses you.
You barely miss the killer bee zombie.
The killer bee zombie is lightly damaged.
The killer bee zombie completely resists.
The wall freezes the killer bee zombie but does no damage.
The killer bee zombie hits you.
* * * LOW HITPOINT WARNING * * *
Unknown command.
You hit the killer bee zombie.
The killer bee zombie is moderately damaged.
The killer bee zombie completely resists.
The wall freezes the killer bee zombie but does no damage.
The killer bee zombie hits you.
You die...

♣##.#
........#
#...####
.......##
#.......
....#..#
#..#####
##.##..#
##..####
#.
#........#
†.......
...#.#
###.)#
###.###.
...#.#
#..# ###.#
#.Z)# #).#
.##.###
#@# #).#
...<..♣
#.#####..#
..#####
#........#
..#
####.###)#
.##
.........#
##
.....#####
######


You could see a killer bee zombie.

Vanquished Creatures
  An orc wizard (D:3)
  4 adders
  A worm (D:2)
  A dart slug (D:2)
  6 orcs (D:3)
  5 endoplasms
  A giant cockroach (D:1)
  2 goblins (D:2)
  6 hobgoblins
  5 jackals
  A quokka (D:2)
  3 ball pythons
  4 bats (D:1)
  4 frilled lizards
  4 kobolds
  7 rats
55 creatures vanquished.

Vanquished Creatures (others)
  A kobold (D:1)
  4 plants (D:3)
5 creatures vanquished.

Grand Total: 60 creatures vanquished

Notes
Turn   | Place    | Note
-------+----------+-------------------------------------------
     0 | D:1      | Hasart the Kobold Ice Elementalist began the quest for the
                  | Orb.
     0 | D:1      | Reached XP level 1. HP: 10/10 MP: 3/3
     5 | D:1      | Upgraded the game from 0.27-a0-1188-g73eefd5def to
                  | 0.27-a0-1191-g601b473118
   349 | D:1      | Reached XP level 2. HP: 12/15 MP: 1/5
  1063 | D:2      | Reached XP level 3. HP: 19/19 MP: 3/6
  1102 | D:2      | Learned a level 3 spell: Frozen Ramparts
  1343 | D:2      | Found a faded altar of an unknown god.
  1567 | D:2      | Reached XP level 4. HP: 24/24 MP: 5/8
  1686 | D:2      | Found a runed translucent door.
  1689 | D:2      | Noticed Crazy Yiuf
  1997 | D:3      | Reached skill level 5 in Ice Magic
  2677 | D:3      | Reached XP level 5. HP: 23/28 MP: 5/9
  2687 | D:3      | HP: 1/28 [killer bee zombie (5)]
  2688 | D:3      | Slain by a killer bee zombie

Illustrated notes

Levels and vault maps discovered:
D:1:      dpeg_arrival_rooms_b, layout_rooms, grunt_decor_resistance,
          minivault_4, hex_large, lemuel_flame_loot_1
D:2:      layout_loops_ring, hellmonk_ecumenical_altar_zigzags,
          uniq_crazy_yiuf_cottage
D:3:      layout_loops_ring, serial_forest, infiniplex_forest_lined_3,
          infiniplex_forest_clump_small, infiniplex_forest_lined_corner,
          infiniplex_forest_fountain, infiniplex_forest_corner_1,
          infiniplex_forest_clump_long

Skill      XL: |  1  2  3  4  5 |
---------------+----------------+-----
Stealth        | 3 4 |  4.0
Ice Magic      | 5 |  5.3
Spellcasting   | 3 |  3.1
Dodging        | |  2.4

Action                   |  1- 3 |  4- 6 || total
-------------------------+-------+-------++-------
Melee: Unarmed           |     2 |       ||     2
       Short sword       |    20 |    26 ||    46
 Cast: Freeze            |    36 |    13 ||    49
       Frozen Ramparts   |       |     3 ||     3
 Stab: Sleeping          |    14 |    11 ||    25
Armor: Robe              |     3 |     1 ||     4
Dodge: Dodged            |    25 |    21 ||    46

Table legend: (Time is in decaauts)
 A = Elapsed time spent in this place.
 B = Non-inter-level travel time spent in this place.
 C = Inter-level travel time spent in this place.
 D = Time resting spent in this place.
 E = Time spent auto-exploring this place.
 F = Levels seen in this place.
 G = Mean time per level.
                   A        B        C        D        E       F      G
               +--------+--------+--------+--------+--------+-----+--------+
         Total |   2693 |   2619 |     74 |      0 |   2326 |   3 |  897.7 |
       Dungeon |   2693 |   2619 |     74 |      0 |   2326 |   3 |  897.7 |
               +--------+--------+--------+--------+--------+-----+--------+

Top non-repeatable levels by time:
     D:2: 1015 daAuts
     D:1: 976 daAuts
     D:3: 701 daAuts
